 Dungeon Crawl Stone Soup version 0.26-a0-651-gb41185065b (webtiles) character file.

Game seed: 1188662798559743411

10693 Flugslaktarn the Cleaver (level 11, -9/108 HPs)
             Began as a Deep Dwarf Fighter on Oct 4, 2020.
             Was an Elder of Makhleb.
             Killed from afar by Frances (45 damage)
             ... with an iron shot
             ... on level 11 of the Dungeon.
             The game lasted 00:04:50 (6113 turns).

Flugslaktarn the Cleaver (Deep Dwarf Fighter)       Turns: 6113, Time: 00:04:51

Health: -9/108     AC: 16    Str: 21    XL:     11   Next: 39%
Magic:  7/7        EV:  3    Int:  8    God:    Makhleb [****..]
Gold:   813        SH: 16    Dex: 15    Spells: 10/10 levels left

rFire    . . .     SeeInvis +   a - +1 war axe
rCold    . . .     Faith    .   z - +0 tower shield
rNeg     . . .     Spirit   .   k - +0 plate armour
rPois    .         Reflect  .   f - +0 helmet
rElec    .         Harm     .   j - +0 cloak
rCorr    .         Rampage  .   (no gloves)
MR       +....                  (no boots)
Stlth    ..........             b - amulet of the acrobat
HPRegen  0.00/turn              i - ring of see invisible
MPRegen  0.10/turn              (no ring)

@: very slightly contaminated, non-regenerating, drained, invisible
A: damage resistance, heal wounds, sense surroundings 2, no regeneration
a: Heal Wounds, Minor Destruction, Lesser Servant of Makhleb, Major Destruction,
Renounce Religion


You were on level 11 of the Dungeon.
You worshipped Makhleb.
Makhleb was greatly pleased with you.
You visited 2 branches of the dungeon, and saw 13 of its levels.

You collected 1013 gold pieces.
You spent 200 gold pieces at shops.

Inventory:

Hand Weapons
 a - a +1 war axe (weapon)
Missiles
 o - a throwing net (quivered)
Armour
 f - a +0 helmet (worn)
   (You found it on level 9 of the Dungeon)
 j - a +0 cloak (worn)
   (You found it on level 4 of the Dungeon)
 k - a +0 plate armour (worn)
   (You found it on level 1 of the Dungeon)
 z - a +0 tower shield (worn)
   (You found it on level 7 of the Dungeon)
Jewellery
 b - an amulet of the acrobat (around neck)
   (You found it on level 6 of the Dungeon)
 d - the ring of Hepliaklqana's Whim {*Drain +Blink rPois rF+++ SInv}
   (You took it off Harold on level 11 of the Dungeon)

   [ring of poison resistance]

   It renders you almost immune to fire.
   It protects you from poison.
   It lets you see invisible.
   It lets you blink.
   It causes draining when unequipped.
 i - a ring of see invisible (left hand)
   (You found it on level 8 of the Dungeon)
Wands
 m - a wand of enslavement (11)
   (You found it on level 4 of the Dungeon)
 u - a wand of acid (6)
   (You found it on level 7 of the Dungeon)
 D - a wand of iceblast (7)
   (You found it on level 11 of the Dungeon)
Scrolls
 e - 3 scrolls of fear
 g - a scroll of enchant weapon
 n - 2 scrolls of fog
 r - 2 scrolls of identify
 t - a scroll of teleportation
 x - 2 scrolls of remove curse
 A - a scroll of immolation
Potions
 c - a potion of stabbing
 h - a potion of ambrosia
 p - 3 potions of flight
 q - 7 potions of curing
 s - a potion of mutation
 w - a potion of heal wounds
Miscellaneous
 F - a condenser vane (1/2)
   (You bought it in a shop on level 4 of the Dungeon)


   Skills:
 * Level 9.7(8.7) Fighting
 * Level 11.1(10.1) Axes
 + Level 8.4(7.5) Armour
 + Level 8.4(7.5) Shields
 + Level 6.7(5.8) Invocations


You had 10 spell levels left.
You didn't know any spells.
Your spell library was empty.

Dungeon Overview and Level Annotations

Branches:
Dungeon (12/15)            Temple (1/1) D:6            Lair (0/6) D:8
    Orc (0/2) D:9

Altars:
Dithmenos
Elyvilon
Fedhas
Gozag
Hepliaklqana
Kikubaaqudgha
Makhleb
Nemelex Xobeh
Qazlal
Ru
Sif Muna
Trog
Vehumet
Wu Jian
Xom
Zin
The Shining One

Shops:
D:4 }   D:7 !   D:9 *

Annotations:
D:11 Frances


Innate Abilities, Weirdness & Mutations

You are resistant to damage.
You can heal yourself by infusing magical energy.
You passively map the area around you.
You do not regenerate.


Message History

The hellwing hits you but does no damage. x2
Frances is engulfed in blazing flames.
Frances screams a word of power!
The iron shot hits you!!!
* * * LOW HITPOINT WARNING * * *
You are too injured to fight recklessly!
You are too injured to fight recklessly!
You fail to use your ability.
The soul eater hits you!
* * * LOW HITPOINT WARNING * * *
You feel drained.
* * * LOW HITPOINT WARNING * * *
The hellwing is engulfed in blazing flames.
Frances is engulfed in blazing flames.
Frances screams a word of power!
You feel much better.
The hellwing disappears in a puff of smoke!
Frances is engulfed in blazing flames.
Frances mutters in a terrible tongue.
The iron shot hits you!!!
You die...

..............#...#
............#.....##
...........###.....#
.....##....##....###
....(......#.#.§§##
.[....##.......§§§##
...............4○§○#
.....###..##....3@§#
.......#......#○@4§##
...............§§§..##
.........##....§§§...#
......÷.........#...##
......[........######
.................#
.........[.......###
......(............#
..............#..###


You could see Frances (fast, corroded), a soul eater (summoned) and 2 chaos
spawn.

Vanquished Creatures
  Josephine (D:11)
  Harold (D:11)
  A two-headed ogre (D:11)
  Pikel (D:6)
  An ugly thing (D:11)
  Joseph (D:8)
  2 trolls (D:11)
  2 hippogriffs
  4 yaks
  Eustachio (D:5)
  3 wraiths (D:11)
  Menkaure (D:4)
  A water moccasin (D:10)
  5 orc warriors
  2 black bears
  3 ice beasts
  A necrophage (D:11)
  2 phantoms
  3 ogres
  7 centaurs
  A lemure (D:6)
  5 bullfrogs
  A water moccasin zombie (D:9)
  3 scorpions
  A wyvern skeleton (D:9)
  8 killer bees
  4 wights (D:9)
  5 howler monkeys
  3 vampire bats (D:7)
  A bullfrog zombie (D:5)
  4 hounds
  19 orc wizards
  5 bullfrog skeletons
  15 orc priests
  4 iguanas
  A jelly (D:11)
  2 centaur skeletons
  7 worker ants
  A hound zombie (D:6)
  A howler monkey zombie (D:6)
  4 gnolls (D:6)
  A howler monkey skeleton (D:9)
  2 adders
  A shadow imp (D:7)
  A white imp (D:9)
  4 ufetubi
  2 adder zombies
  2 adder skeletons
  2 worms
  2 dart slugs
  2 leopard geckos
  75 orcs
  2 ball pythons
  6 bats
  2 giant cockroaches
  A goblin (D:1)
  A hobgoblin (D:3)
  4 jackals
  5 quokkas
  6 frilled lizards
  A jackal skeleton (D:4)
  A leopard gecko skeleton (D:4)
  A quokka skeleton (D:5)
  2 quokka zombies
  2 rats
266 creatures vanquished.

Vanquished Creatures (others)
  An orc (D:9)
1 creature vanquished.

Grand Total: 267 creatures vanquished

Notes
Turn   | Place    | Note
-------+----------+-------------------------------------------
     0 | D:1      | Flugslaktarn the Deep Dwarf Fighter began the quest for the
                  | Orb.
     0 | D:1      | Reached XP level 1. HP: 20/20 MP: 1/1
   197 | D:2      | Found a blossoming altar of Fedhas.
   205 | D:2      | Reached XP level 2. HP: 28/28 MP: 2/2
   288 | D:3      | Reached XP level 3. HP: 29/34 MP: 3/3
   295 | D:3      | Reached skill level 3 in Axes
   311 | D:3      | Reached XP level 4. HP: 28/42 MP: 4/4
   360 | D:4      | Noticed Menkaure
   373 | D:4      | Killed Menkaure
   373 | D:4      | Reached skill level 4 in Axes
   373 | D:4      | Reached XP level 5. HP: 27/50 MP: 5/5
   381 | D:4      | Found an ancient bone altar of Kikubaaqudgha.
   621 | D:4      | Noticed a phantom
   634 | D:4      | Reached XP level 6. HP: 43/57 MP: 6/6
   771 | D:4      | Noticed an orc warrior
   785 | D:4      | Reached skill level 5 in Axes
   806 | D:4      | Killed an orc warrior
   806 | D:4      | Reached XP level 7. HP: 45/66 MP: 6/6
  1048 | D:4      | Found Mihunut's Gadget Shoppe.
  1081 | D:5      | Entered Level 5 of the Dungeon
  1105 | D:5      | Reached skill level 5 in Fighting
  1193 | D:5      | Reached skill level 5 in Armour
  1357 | D:5      | Noticed Eustachio
  1375 | D:5      | Killed Eustachio
  1375 | D:5      | Reached skill level 6 in Axes
  1375 | D:5      | Reached skill level 5 in Shields
  1617 | D:5      | Reached XP level 8. HP: 53/75 MP: 6/6
  1894 | D:6      | Found a bloodstained altar of Trog.
  2000 | D:6      | Noticed Pikel
  2031 | D:6      | Killed Pikel
  2031 | D:6      | Reached skill level 7 in Axes
  2074 | D:6      | Found a staircase to the Ecumenical Temple.
  2086 | Temple   | Entered the Ecumenical Temple
  2220 | Temple   | Became a worshipper of Makhleb the Destroyer
  2603 | D:6      | Found a stormy altar of Qazlal.
  2632 | D:6      | Gained mutation: You passively map the area around you.
                  | [Deep Dwarf growth]
  2632 | D:6      | Reached XP level 9. HP: 60/85 MP: 7/7
  2667 | D:6      | Reached skill level 1 in Invocations
  2937 | D:7      | Found Faliniug's Distillery.
  2953 | D:7      | Found a blossoming altar of Fedhas.
  2953 | D:7      | You fall into a shaft and drop 2 floors!
  3009 | D:9      | Reached skill level 8 in Axes
  3012 | D:9      | Reached * piety under Makhleb
  3028 | D:9      | Found a staircase to the Orcish Mines.
  3303 | D:9      | Found Yfohaixug's General Store.
  3365 | D:9      | Reached ** piety under Makhleb
  3576 | D:9      | Reached skill level 9 in Axes
  4037 | D:8      | Reached XP level 10. HP: 96/96 MP: 8/8
  4071 | D:8      | Found a staircase to the Lair.
  4445 | D:8      | Noticed Joseph
  4466 | D:8      | Killed Joseph
  4696 | D:7      | Reached *** piety under Makhleb
  4761 | D:7      | Found a shimmering altar of Xom.
  4931 | D:7      | Found a hazy altar of Hepliaklqana.
  5135 | D:4      | Bought a condenser vane (2/2) for 200 gold pieces
  5219 | D:10     | Entered Level 10 of the Dungeon
  5282 | D:10     | Reached skill level 5 in Invocations
  5291 | D:10     | Reached skill level 10 in Axes
  5464 | D:10     | You fall into a shaft and drop 1 floor!
  5481 | D:11     | Noticed a red ugly thing
  5484 | D:11     | Identified the ring of Hepliaklqana's Whim {*Drain +Blink
                  | rPois rF+++ SInv}
  5484 | D:11     | Noticed Harold
  5498 | D:11     | Noticed a two-headed ogre
  5512 | D:11     | Killed a red ugly thing
  5521 | D:11     | Reached **** piety under Makhleb
  5527 | D:11     | Killed Harold
  5527 | D:11     | Reached XP level 11. HP: 77/106 MP: 10/10
  5552 | D:11     | Killed a two-headed ogre
  5630 | D:11     | Noticed Josephine
  5650 | D:11     | Killed Josephine
  5650 | D:11     | Reached skill level 11 in Axes
  6009 | D:11     | Identified a scroll of acquirement
  6009 | D:11     | Acquired 432 gold pieces
  6089 | D:12     | Noticed Frances
  6092 | D:12     | Noticed a soul eater
  6099 | D:12     | Noticed a sixfirhy
  6108 | D:11     | Noticed a soul eater
  6113 | D:11     | Killed from afar by Frances

Illustrated notes

Levels and vault maps discovered:
D:1:      lightli_arrival_statuegarden, layout_basic, kennysheep_nondescript,
          chequers_serial_rivers_marsh
D:2:      layout_loops_ring, old_standard_altar
D:3:      layout_basic, minmay_randomly_rotated_circles, uniq_sigmund,
          uniq_grinder
D:4:      layout_basic, lemuel_round_altar, serial_shops, shop, uniq_menkaure
D:5:      layout_cave_pods, kennysheep_diamond, uniq_eustachio
D:6:      layout_loops_ring, bloody_trog, minmay_temple_entry_waves,
          basic_altar, nrook_uturn, uniq_pikel
D:7:      layout_rooms, lemuel_doored_altar, serial_shops, shop,
          roderic_batcave, hangedman_feature_mirror, minmay_fountain_box
D:8:      layout_cave_pods, lair_entry_dummy, uniq_joseph
D:9:      minmay_evil_eye, layout_basic, hiddenorc2_lemuel, serial_shops, shop
D:10:     layout_long_grid, st_stairs_1, kennysheep_windowed_goal
D:11:     layout_cave_pools, uniq_josephine, uniq_harold
D:12:     layout_irregular_city, serial_shops, shop, shop, shop_statue,
          uniq_snorg, uniq_frances
Temple:   dpeg_five_rooms_temple

Skill      XL: |  1  2  3  4  5  6  7  8  9 10 11 |
---------------+----------------------------------+-----
Fighting       | 3 4 5 6 7 9 |  9.7
Axes           | 3 4 5 6 7 9 10 11 | 11.1
Armour         | 4 5 6 7 8 |  8.4
Shields        | 4 5 6 7 8 |  8.4
Invocations    | 3 6 |  6.7

Action                   |  1- 3 |  4- 6 |  7- 9 | 10-12 || total
-------------------------+-------+-------+-------+-------++-------
Melee: War axe           |    52 |   112 |   478 |   344 ||   986
 Abil: Heal Wounds       |       |    11 |    11 |    15 ||    37
Evoke: Wand              |       |       |       |     1 ||     1
       Condenser vane    |       |       |       |     1 ||     1
  Use: Scroll            |       |       |    10 |     8 ||    18
       Potion            |       |       |     2 |     2 ||     4
 Stab: Invisible         |       |       |    14 |       ||    14
Armor: Plate armour      |    27 |    60 |   321 |   181 ||   589
       Scale mail        |     5 |       |       |       ||     5
Dodge: Dodged            |    12 |    22 |    85 |    71 ||   190
Block: Kite shield       |    31 |    68 |   260 |    61 ||   420
       Tower shield      |       |       |       |   247 ||   247

Table legend: (Time is in decaauts)
 A = Elapsed time spent in this place.
 B = Non-inter-level travel time spent in this place.
 C = Inter-level travel time spent in this place.
 D = Time resting spent in this place.
 E = Time spent auto-exploring this place.
 F = Levels seen in this place.
 G = Mean time per level.
                   A        B        C        D        E       F      G
               +--------+--------+--------+--------+--------+-----+--------+
         Total |   6324 |   5831 |    493 |      0 |   3974 |  13 |  486.5 |
       Dungeon |   6140 |   5725 |    415 |      0 |   3874 |  12 |  511.7 |
        Temple |    183 |    105 |     78 |      0 |    100 |   1 |  183.0 |
               +--------+--------+--------+--------+--------+-----+--------+

Top non-repeatable levels by time:
     D:9: 1069 daAuts
     D:6: 895 daAuts
     D:5: 839 daAuts
     D:4: 801 daAuts
     D:8: 724 daAuts
    D:11: 666 daAuts
     D:7: 490 daAuts
    D:10: 255 daAuts
  Temple: 183 daAuts
     D:1: 153 daAuts
     D:2: 141 daAuts
     D:3: 89 daAuts
    D:12: 14 daAuts
